 Dungeon Crawl Stone Soup version 0.29.1-15-g9cfb28693d (webtiles) character file.

Game seed: 17385693862521030907

7858 zeram the Blocker (level 11, -1/89 HPs)
             Began as a Gnoll Fighter on Apr 20, 2023.
             Was an Initiate of Gozag.
             Slain by an acid dragon (8 damage)
             ... on level 11 of the Dungeon.
             The game lasted 00:20:59 (9525 turns).

zeram the Blocker (Gnoll Fighter)                   Turns: 9525, Time: 00:20:59

Health: -1/89      AC:  6    Str: 16    XL:     11   Next: 21%
Magic:  20/20      EV: 12    Int: 11    God:    Gozag
Gold:   932        SH:  6    Dex: 12    Spells: 14/22 levels left

rFire   + . .      SeeInvis +   D - +4 whip
rCold   . . .      Faith    .   c - +0 buckler
rNeg    + . .      Spirit   .   q - +3 ring mail "Larhoroz" {rF+ Regen+}
rPois   .          Reflect  .   n - +1 helmet
rElec   .          Harm     .   (no cloak)
rCorr   .          Rampage  .   (no gloves)
Will    .....                   i - +1 pair of boots
Stlth   ++........              H - amulet of the acrobat
HPRegen 1.04/turn               x - ring of see invisible
MPRegen 0.17/turn               p - ring of positive energy

@: corroded
A: fangs 1, strong nose, distributed training
a: Renounce Religion, Potion Petition, Call Merchant, Bribe Branch


You were on level 11 of the Dungeon.
You worshipped Gozag.
Gozag was pleased with you.
You visited 2 branches of the dungeon, and saw 12 of its levels.
You also visited: Ossuary.

You collected 1232 gold pieces.
You spent 165 gold pieces at shops.
You paid 135 gold pieces to Gozag.

Inventory:

Hand Weapons
 a - a +0 war axe
 D - a +4 whip (weapon)
 E - a +6 dagger of chaos
Missiles
 y - 2 throwing nets (quivered)
Armour
 b - a +0 scale mail
 c - a +0 buckler (worn)
 i - a +1 pair of boots (worn)
 n - a +1 helmet (worn)
 q - the +3 ring mail "Larhoroz" (worn) {rF+ Regen+}
   (You found it on level 2 of the Dungeon)

   rF:        It protects you from fire.
   Regen:     It increases your rate of health regeneration.
 M - a +2 robe of cold resistance
 N - a +1 pair of boots
Jewellery
 j - an amulet of faith
 p - a ring of positive energy (right hand)
 x - a ring of see invisible (left hand)
 H - an amulet of the acrobat (around neck)
 J - a ring of fire
Wands
 h - a wand of flame (22)
 r - a wand of charming (1)
 u - a wand of quicksilver (19)
 I - a wand of iceblast (11)
Scrolls
 k - 3 scrolls of magic mapping
 l - 2 scrolls of silence
 v - a scroll of vulnerability
 z - 3 scrolls of amnesia
 G - 6 scrolls of teleportation
 K - a scroll of poison
 O - a scroll of identify
Potions
 d - 2 potions of might
 e - 5 potions of curing
 f - 2 potions of degeneration
 g - 3 potions of heal wounds
 m - a potion of resistance
 o - a potion of brilliance
 s - 3 potions of magic
 t - 4 potions of mutation
 w - a potion of berserk rage
 A - a potion of flight
 B - 3 potions of haste
 C - 2 potions of attraction
 F - a potion of lignification {unknown}
 P - a potion of ambrosia {unknown}


   Skills:
 + Level 9.2 Fighting
 + Level 6.3 Short Blades
 + Level 6.3 Long Blades
 + Level 7.9 Axes
 + Level 6.3 Maces & Flails
 + Level 6.3 Polearms
 + Level 6.3 Staves
 + Level 6.3 Ranged Weapons
 + Level 6.3 Throwing
 + Level 9.2 Armour
 + Level 6.3 Dodging
 + Level 6.3 Stealth
 + Level 9.2 Shields
 + Level 6.3 Unarmed Combat
 + Level 6.3 Spellcasting
 + Level 5.2 Conjurations
 + Level 5.2 Hexes
 + Level 5.2 Summonings
 + Level 5.2 Necromancy
 + Level 5.2 Translocations
 + Level 5.2 Transmutations
 + Level 5.2 Fire Magic
 + Level 5.2 Ice Magic
 + Level 5.2 Air Magic
 + Level 5.2 Earth Magic
 + Level 5.2 Poison Magic
 + Level 6.9 Invocations
 + Level 6.3 Evocations


You had 14 spell levels left.
You knew the following spells:

 Your Spells              Type           Power      Damage    Failure   Level
a - Conjure Flame         Conj/Fire      15%        6-21      14%         3
b - Blink                 Tloc           30%        N/A       7%          2
c - Vampiric Draining     Necr           15%        2d7       14%         3

Your spell library contained the following spells:

 Spells                   Type           Power      Damage    Failure   Level
 Necrotise                Necr           60%        1d7       4%          1
 Sting                    Tmut/Pois      60%        1d6       4%          1
 Poisonous Vapours        Pois/Air       30%        N/A       7%          2
 Ignite Poison            Fire/Tmut/Pois 15%        N/A       14%         3
 Lesser Beckoning         Tloc           15%        N/A       14%         3
 Olgreb's Toxic Radiance  Pois           15%        N/A       41%         4
 Sticky Flame             Conj/Fire      15%        2d4       41%         4
 Agony                    Necr           15%        N/A       77%         5
 Manifold Assault         Tloc           15%        N/A       77%         5
 Summon Forest            Summ/Tloc      7%         N/A       77%         5
 Summon Mana Viper        Hex/Summ       15%        N/A       77%         5
 Summon Cactus Giant      Summ           7%         N/A       100%        6


Dungeon Overview and Level Annotations

Branches:
Dungeon (11/15)            Temple (1/1) D:5            Lair (0/5) D:9
Ossuary (visited)
    Orc: D:9-12

Altars:
Ashenzari
Cheibriados
Dithmenos
Elyvilon
Fedhas
Gozag
Hepliaklqana
Kikubaaqudgha
Makhleb
Nemelex Xobeh
Okawaru
Qazlal
Ru
Sif Muna
Trog
Uskayaw
Vehumet
Wu Jian
Xom
Yredelemnul
Zin
The Shining One

Shops:
D:5 =

Annotations:
D:5 2 transporters


Innate Abilities, Weirdness & Mutations

You have very sharp teeth.
Your uncanny sense of smell can sniff out nearby items.
Your experience applies equally to all skills.


Message History

You are too injured to fight recklessly!
You are too injured to fight recklessly!
You are too injured to fight recklessly!
You are too injured to fight recklessly!
You are too injured to fight recklessly!
You are too injured to fight recklessly!
You are too injured to fight recklessly!
You are too injured to fight recklessly!
You are too injured to fight recklessly!
You are too injured to fight recklessly!
You are too injured to fight recklessly!
You are too injured to fight recklessly!
You are too injured to fight recklessly!
You hit the acid dragon.
You bite the acid dragon, but do no damage.
The acid dragon is heavily wounded.
The acid dragon closely misses you.
The acid dragon claws you but does no damage.
You hit the acid dragon but do no damage.
The acid dragon is heavily wounded.
The acid dragon spits acid at you. The splash of acid hits you!!
* * * LOW HITPOINT WARNING * * *
The acid corrodes you!
You barely miss the acid dragon.
The acid dragon is heavily wounded.
The acid dragon barely misses you. x2
You hit the acid dragon but do no damage.
The acid dragon is heavily wounded.
You hit the acid dragon but do no damage.
Your bite misses the acid dragon.
The acid dragon is heavily wounded.
The acid dragon bites you.
* * * LOW HITPOINT WARNING * * *
The acid dragon claws you but does no damage.
You hit the acid dragon but do no damage.
The acid dragon is heavily wounded.
The acid dragon bites you!
You die...
Your body crumbles into a pile of gold.

#.....#.......#
#.....#.......#
+.....#.......#
#.....#.......# ..
#.....#.......#
∆.#####.....##'##'###
.....#........#....#
.....#........#....#
.....#........#@...#
#....###########D...#
.....# .....# ..$..#
#.....# .....#
#.....# #######
###.....# ......#
........# ......#
........# ......#
........#


You could see an acid dragon (catching breath).

Vanquished Creatures
  An orb spider (shapeshifter) (D:9)
  A manticore (D:11)
  A gargoyle (D:10)
  Psyche (D:8)
  Grinder (D:5)
  A wraith (D:10)
  2 wyverns (D:10)
  6 yaks
  2 steam dragons
  A vampire mosquito (D:11)
  An acid dragon (D:7)
  2 water moccasins
  2 ice beasts
  2 orc warriors
  2 sky beasts
  A tengu (D:9)
  An ogre (D:5)
  3 phantoms
  4 centaurs
  4 kobold brigands
  An elf zombie (Ossuary)
  Blork the orc (D:6)
  5 bullfrogs
  A necrophage (D:7)
  A gnoll sergeant (D:7)
  2 scorpions (D:5)
  4 wights (D:6)
  10 killer bees
  6 howler monkeys
  A hound (D:4)
  9 orc priests
  4 jellies
  A gnoll bouda (D:9)
  An iron imp (D:6)
  Jessica (D:3)
  6 iguanas
  5 orc wizards
  Ijyb (D:3)
  2 hound zombies (Ossuary)
  4 mummies (Ossuary)
  10 gnolls
  4 adders
  3 shadow imps
  A white imp (D:7)
  An adder zombie (Ossuary)
  2 worms (D:2)
  A dart slug (D:1)
  26 orcs
  3 ball pythons
  5 endoplasms
  4 giant cockroaches
  2 gnoll zombies (Ossuary)
  5 goblins
  6 hobgoblins
  2 jackals (D:3)
  5 quokkas
  4 bats
  A frilled lizard (D:1)
  3 hobgoblin zombies (Ossuary)
  30 kobolds
  2 kobold zombies (Ossuary)
  5 rats
  A rat zombie (Ossuary)
231 creatures vanquished.

Vanquished Creatures (others)
  An orc wizard (D:8)
  17 fungi (D:10)
18 creatures vanquished.

Grand Total: 249 creatures vanquished

Notes
Turn   | Place    | Note
-------+----------+-------------------------------------------
     0 | D:1      | zeram the Gnoll Fighter began the quest for the Orb.
     0 | D:1      | Reached XP level 1. HP: 23/23 MP: 1/1
   282 | D:1      | Reached XP level 2. HP: 26/29 MP: 2/2
   772 | D:2      | Identified the +3 ring mail "Larhoroz" {rF+ Regen+}
   941 | D:2      | Reached XP level 3. HP: 27/35 MP: 3/3
   945 | D:2      | Learned a level 3 spell: Conjure Flame
  1280 | D:2      | Reached skill level 1 in Invocations
  1878 | D:3      | Noticed Ijyb
  1898 | D:3      | Killed Ijyb
  1899 | D:3      | Reached skill level 1 in Short Blades
  1899 | D:3      | Reached skill level 1 in Long Blades
  1899 | D:3      | Reached skill level 1 in Maces & Flails
  1899 | D:3      | Reached skill level 1 in Polearms
  1899 | D:3      | Reached skill level 1 in Staves
  1899 | D:3      | Reached skill level 1 in Ranged Weapons
  1899 | D:3      | Reached skill level 1 in Throwing
  1899 | D:3      | Reached skill level 1 in Dodging
  1899 | D:3      | Reached skill level 1 in Stealth
  1899 | D:3      | Reached skill level 1 in Unarmed Combat
  1899 | D:3      | Reached skill level 1 in Spellcasting
  1899 | D:3      | Reached skill level 1 in Evocations
  1899 | D:3      | Reached XP level 4. HP: 41/41 MP: 5/5
  2065 | D:3      | Noticed Jessica
  2068 | D:3      | Killed Jessica
  2069 | D:3      | Reached skill level 1 in Conjurations
  2069 | D:3      | Reached skill level 1 in Hexes
  2069 | D:3      | Reached skill level 1 in Summonings
  2069 | D:3      | Reached skill level 1 in Necromancy
  2069 | D:3      | Reached skill level 1 in Translocations
  2069 | D:3      | Reached skill level 1 in Transmutations
  2069 | D:3      | Reached skill level 1 in Fire Magic
  2069 | D:3      | Reached skill level 1 in Ice Magic
  2069 | D:3      | Reached skill level 1 in Air Magic
  2069 | D:3      | Reached skill level 1 in Earth Magic
  2069 | D:3      | Reached skill level 1 in Poison Magic
  2158 | D:3      | Found a glowing golden altar of the Shining One.
  2303 | D:3      | Found a faded altar of an unknown god.
  2401 | D:3      | Noticed a kobold brigand
  2405 | D:3      | Reached XP level 5. HP: 47/47 MP: 7/7
  2419 | D:3      | Killed a kobold brigand
  2636 | D:4      | Found a sand-covered staircase.
  2641 | Ossuary  | Entered an ossuary
  2652 | Ossuary  | Reached XP level 6. HP: 41/53 MP: 8/8
  2656 | Ossuary  | Reached skill level 5 in Axes
  2938 | D:4      | Found a hide-covered altar of Uskayaw.
  4103 | D:5      | Entered Level 5 of the Dungeon
  4122 | D:5      | Reached XP level 7. HP: 49/60 MP: 10/10
  4320 | D:5      | Reached XP level 8. HP: 23/67 MP: 12/12
  4377 | D:5      | Noticed Grinder
  4385 | D:5      | Paralysed by Grinder for 4 turns
  4397 | D:5      | Killed Grinder
  4426 | D:5      | Found a sparkling altar of Nemelex Xobeh.
  4473 | D:5      | Found a staircase to the Ecumenical Temple.
  4584 | D:5      | Found Yrchewk's Jewellery Emporium.
  4594 | D:5      | Bought a ring of see invisible for 165 gold pieces
  4689 | D:5      | Found a transporter.
  4690 | D:5      | Noticed a two-headed ogre
  4690 | D:5      | Noticed a yak
  4696 | D:5      | Found a transporter.
  4783 | D:5      | Found a shimmering blue altar of Sif Muna.
  4891 | D:5      | Reached XP level 9. HP: 41/73 MP: 14/14
  5252 | D:6      | Noticed Blork the orc
  5269 | D:6      | Killed Blork the orc
  5457 | D:6      | Found an ornate altar of the Wu Jian Council.
  5751 | D:6      | Found a snail-covered altar of Cheibriados.
  5780 | D:6      | Reached skill level 5 in Invocations
  6524 | Temple   | Entered the Ecumenical Temple
  6542 | Temple   | Became a worshipper of Gozag Ym Sagoz the Greedy
  6616 | D:8      | Reached skill level 5 in Short Blades
  6616 | D:8      | Reached skill level 5 in Long Blades
  6616 | D:8      | Reached skill level 5 in Maces & Flails
  6616 | D:8      | Reached skill level 5 in Polearms
  6616 | D:8      | Reached skill level 5 in Staves
  6616 | D:8      | Reached skill level 5 in Ranged Weapons
  6616 | D:8      | Reached skill level 5 in Throwing
  6616 | D:8      | Reached skill level 5 in Dodging
  6616 | D:8      | Reached skill level 5 in Stealth
  6616 | D:8      | Reached skill level 5 in Unarmed Combat
  6616 | D:8      | Reached skill level 5 in Spellcasting
  6616 | D:8      | Reached skill level 5 in Evocations
  6616 | D:8      | Reached XP level 10. HP: 67/81 MP: 17/17
  6791 | D:8      | Identified the +12 dagger "Alosaf" {speed, rElec}
  6812 | D:8      | Learned a level 2 spell: Blink
  6816 | D:8      | Learned a level 3 spell: Vampiric Draining
  6928 | D:8      | Found a shadowy altar of Dithmenos.
  6928 | D:8      | Found a white marble altar of Elyvilon.
  7239 | D:8      | Noticed Psyche
  7247 | D:8      | Killed Psyche
  7845 | D:9      | Found a basalt altar of Yredelemnul.
  7963 | D:9      | Found a broken altar of Ashenzari.
  7982 | D:9      | Found an iron altar of Okawaru.
  8095 | D:9      | Found a staircase to the Lair.
  8388 | D:9      | Noticed an orb spider
  8414 | D:9      | Killed an orb spider
  8645 | D:10     | Entered Level 10 of the Dungeon
  8842 | D:10     | Reached skill level 5 in Conjurations
  8842 | D:10     | Reached skill level 5 in Hexes
  8842 | D:10     | Reached skill level 5 in Summonings
  8842 | D:10     | Reached skill level 5 in Necromancy
  8842 | D:10     | Reached skill level 5 in Translocations
  8842 | D:10     | Reached skill level 5 in Transmutations
  8842 | D:10     | Reached skill level 5 in Fire Magic
  8842 | D:10     | Reached skill level 5 in Ice Magic
  8842 | D:10     | Reached skill level 5 in Air Magic
  8842 | D:10     | Reached skill level 5 in Earth Magic
  8842 | D:10     | Reached skill level 5 in Poison Magic
  8907 | D:10     | Reached XP level 11. HP: 78/89 MP: 20/20
  9225 | D:10     | Found a shimmering altar of Xom.
  9228 | D:10     | Noticed a two-headed ogre
  9256 | D:10     | Found a stormy altar of Qazlal.
  9450 | D:11     | Noticed a manticore
  9466 | D:11     | Killed a manticore
  9525 | D:11     | Slain by an acid dragon

Illustrated notes

Levels and vault maps discovered:
D:1:      reono_arrival_forest_river, layout_loops_ring, corner_web_ring
D:2:      layout_basic, serial_corexii_hall, chequers_hall_statues_y,
          corexii_hall_statues_l, corexii_hall_statues_i, hangedman_decor_lopped
D:3:      cheibrodos_thug_alley, layout_basic, mainiacjoe_overflow_tiny_flanked,
          ebering_ecumenical_altar_ruins, hangedman_decor_points,
          corexii_corridor_pit, kennysheep_generic_room_2, uniq_jessica,
          uniq_ijyb
D:4:      layout_basic, mainiacjoe_overflow_cross_hatched, enter_ossuary_5
D:5:      layout_rooms, lemuel_crystal_altar, gammafunk_temple_overflow_arena,
          minmay_temple_entry_sparse_star, serial_shops, nicolae_shop_stone,
          uniq_grinder
D:6:      nicolae_BIG_FREAKIN_CUBE, layout_cave_pools, slow_altar_2,
          kennysheep_little_box, abandoned_shop, uniq_blork_the_orc
D:7:      layout_basic
D:8:      layout_loops_ring, gammafunk_temple_overflow_wave, uniq_psyche
D:9:      layout_small_grid, okawaru_trees_1,
          mainiacjoe_overflow_surrounded_room, marbit_many_paths,
          lair_entry_dummy
D:10:     layout_basic, mainiacjoe_overflow_catch_the_wave, onia_ninara_cookie
D:11:     minmay_the_grid_octo_tiled_octocenter_mashed
          [minmay_the_grid_octo_odd_swirl, minmay_the_grid_octo_chip,
          minmay_the_grid_octo_toaster, minmay_the_grid_octo_concentric,
          minmay_the_grid_octo_prize_square_snowflake,
          minmay_the_grid_square_5x5_beaten_path,
          minmay_the_grid_square_5x5_broken_cross,
          minmay_the_grid_square_5x5_three_small,
          minmay_the_grid_square_5x5_minimal], layout_grid_maze, enter_trove_2
Temple:   hellmonk_temple_rainy

Skill      XL: |  1  2  3  4  5  6  7  8  9 10 |
---------------+-------------------------------+-----
Invocations    | 1 2 3 4 5 6 |  6.9
Short Blades   | 1 2 3 5 6 |  6.3
Long Blades    | 1 2 3 5 6 |  6.3
Maces & Flails | 1 2 3 5 6 |  6.3
Polearms       | 1 2 3 5 6 |  6.3
Staves         | 1 2 3 5 6 |  6.3
Ranged Weapons | 1 2 3 5 6 |  6.3
Throwing       | 1 2 3 5 6 |  6.3
Dodging        | 1 2 3 5 6 |  6.3
Stealth        | 1 2 3 5 6 |  6.3
Unarmed Combat | 1 2 3 5 6 |  6.3
Spellcasting   | 1 2 3 5 6 |  6.3
Evocations     | 1 2 3 5 6 |  6.3
Conjurations   | 1 2 3 4 5 |  5.2
Hexes          | 1 2 3 4 5 |  5.2
Summonings     | 1 2 3 4 5 |  5.2
Necromancy     | 1 2 3 4 5 |  5.2
Translocations | 1 2 3 4 5 |  5.2
Transmutations | 1 2 3 4 5 |  5.2
Fire Magic     | 1 2 3 4 5 |  5.2
Ice Magic      | 1 2 3 4 5 |  5.2
Air Magic      | 1 2 3 4 5 |  5.2
Earth Magic    | 1 2 3 4 5 |  5.2
Poison Magic   | 1 2 3 4 5 |  5.2
Axes           | 5 6 7 |  7.9
Fighting       | 7 8 9 |  9.2
Armour         | 7 8 9 |  9.2
Shields        | 7 8 9 |  9.2

Action                   |  1- 3 |  4- 6 |  7- 9 | 10-12 || total
-------------------------+-------+-------+-------+-------++-------
Melee: War axe           |    71 |    87 |       |       ||   158
       Bite              |     5 |    12 |    37 |    92 ||   146
       Whip              |       |    31 |       |   342 ||   373
       Dagger            |       |    17 |   378 |   270 ||   665
       Unarmed           |       |       |       |     4 ||     4
Evoke: Wand              |       |       |     1 |     3 ||     4
  Use: Scroll            |     1 |    14 |     5 |     8 ||    28
       Potion            |     1 |     1 |       |     2 ||     4
 Stab: Sleeping          |       |     1 |     2 |     1 ||     4
       Petrifying        |       |       |     1 |       ||     1
       Distracted        |       |       |       |     3 ||     3
       Confused          |       |       |       |     2 ||     2
Armor: Scale mail        |    10 |       |       |       ||    10
       Ring mail         |    17 |    73 |   154 |   238 ||   482
       Skin              |       |       |       |     3 ||     3
Dodge: Dodged            |    40 |    70 |   179 |   352 ||   641
Block: Buckler           |    16 |    36 |    93 |   170 ||   315
